PL
ATHLETIC CLUB KC @ HOUSTON 1837 BBC
04/17/2023
 
TOP OF THE 1ST
Athletic Club KC batting - Pitching for Houston 1837 BBC : RHP Dave Goode
Pitching: RHP Dave Goode
Batting: LHB Rafael García 0-0: Ball
1-0: Foul Ball, location: 2F
1-1: Fly out, F9 (Line Drive, 9M)
Batting: SHB David Henderson 0-0: Called Strike
0-1: Fly out, F7 (Flyball, 7LMF)
Batting: RHB John Downing 0-0: Ball
1-0: Fly out, F7 (Flyball, 78D)
Top of the 1st over - 0 run(s), 0 hit(s), 0 error(s), 0 left on base; Athletic Club KC 0 - Houston 0
BOTTOM OF THE 1ST
Houston 1837 BBC batting - Pitching for Athletic Club KC : RHP Billy Crawford
Pitching: RHP Billy Crawford
Batting: LHB Brad Lawrence 0-0: Bunted foul
0-1: Swinging Strike
0-2: Strikes out swinging
Batting: RHB Kumanosuke Abe 0-0: Ball
1-0: Ground out 6-3 (Groundball, 6M)
Batting: LHB José Marín 0-0: SINGLE (Flyball, 9S)
Batting: RHB Bob Dickerson 0-0: Ball
1-0: SINGLE (Groundball, 6MD)
José Marín to second
Batting: LHB Alberto Torres 0-0: Ball
1-0: Foul Ball, location: 2F
1-1: Called Strike
1-2: Ball
2-2: Ground out 4-3 (Groundball, 4)
Bottom of the 1st over - 0 run(s), 2 hit(s), 0 error(s), 2 left on base; Athletic Club KC 0 - Houston 0
TOP OF THE 2ND
Athletic Club KC batting - Pitching for Houston 1837 BBC : RHP Dave Goode
Batting: RHB Ed Hopkins 0-0: Called Strike
0-1: Ground out 5-3 (Groundball, 5L)
Batting: RHB Rick Atkinson 0-0: Fly out, F6 (Popup, 6M)
Batting: SHB Pedro Vázquez 0-0: Ball
1-0: Called Strike
1-1: Foul Ball, location: 2F
1-2: Strikes out swinging
Top of the 2nd over - 0 run(s), 0 hit(s), 0 error(s), 0 left on base; Athletic Club KC 0 - Houston 0
BOTTOM OF THE 2ND
Houston 1837 BBC batting - Pitching for Athletic Club KC : RHP Billy Crawford
Batting: RHB Tracy Parker 0-0: DOUBLE (Line Drive, 8LXD)
Batting: LHB Christian Blair 0-0: Ball
1-0: Ground out 4-3 (Groundball, 4)
Tracy Parker to third
Batting: LHB Mark McClear 0-0: Ball
1-0: Swinging Strike
1-1: Fly out, F8 (Flyball, 8LXD)
Runner from 3rd tags up, SCORES, no throw
Batting: SHB Jason Alexander 0-0: Ball
1-0: Ground out 4-3 (Groundball, 4)
Bottom of the 2nd over - 1 run(s), 1 hit(s), 0 error(s), 0 left on base; Athletic Club KC 0 - Houston 1
TOP OF THE 3RD
Athletic Club KC batting - Pitching for Houston 1837 BBC : RHP Dave Goode
Batting: LHB Manuel Domínguez 0-0: Ball
1-0: Ball
2-0: Foul Ball, location: 2F
2-1: Ground out 3-1 (Groundball, 34)
Batting: LHB Bob Davis 0-0: Called Strike
0-1: Ball
1-1: Ball
2-1: SINGLE (Line Drive, 56D)
Batting: RHB Jason Dunn 0-0: Ball
1-0: Ball
2-0: TRIPLE (Line Drive, 89M)
Bob Davis scores
Batting: LHB Rafael García 0-0: Called Strike
0-1: Ball
1-1: Fly out, F8 (Flyball, 8RXD)
Runner from 3rd tags up, SCORES, no throw
Batting: SHB David Henderson 0-0: SINGLE (Flyball, 8RS)
Batting: RHB John Downing 0-0: Called Strike
0-1: Foul Ball, location: 2F
0-2: Strikes out swinging
Top of the 3rd over - 2 run(s), 3 hit(s), 0 error(s), 1 left on base; Athletic Club KC 2 - Houston 1
BOTTOM OF THE 3RD
Houston 1837 BBC batting - Pitching for Athletic Club KC : RHP Billy Crawford
Batting: LHB Brad Lawrence 0-0: Bunted foul
0-1: Ball
1-1: Ball
2-1: Ground out 1-3 (Groundball, 13)
Batting: RHB Kumanosuke Abe 0-0: Ball
1-0: Foul Ball, location: 2F
1-1: Ground out 4-3 (Groundball, 4)
Batting: LHB José Marín 0-0: Called Strike
0-1: Ball
1-1: Ball
2-1: Swinging Strike
2-2: Foul Ball, location: 2F
2-2: Hit by Pitch
Batting: RHB Bob Dickerson 0-0: Ball
1-0: Ball
2-0: Foul Ball, location: 2F
2-1: Ball
3-1: Base on Balls
José Marín to second
Batting: LHB Alberto Torres 0-0: Ball
1-0: Called Strike
1-1: Foul Ball, location: 2F
1-2: Ball
2-2: Strikes out swinging
Bottom of the 3rd over - 0 run(s), 0 hit(s), 0 error(s), 2 left on base; Athletic Club KC 2 - Houston 1
TOP OF THE 4TH
Athletic Club KC batting - Pitching for Houston 1837 BBC : RHP Dave Goode
Batting: RHB Ed Hopkins 0-0: Foul Ball, location: 2F
0-1: Foul Ball, location: 2F
0-2: Strikes out swinging
Batting: RHB Rick Atkinson 0-0: Ball
1-0: Called Strike
1-1: Foul Ball, location: 2F
1-2: Ball
2-2: Strikes out swinging
Batting: SHB Pedro Vázquez 0-0: Called Strike
0-1: Ball
1-1: Foul Ball, location: 2F
1-2: Foul Ball, location: 2F
1-2: Ball
2-2: Ball
3-2: Ground out 6-3 (Groundball, 6M)
Top of the 4th over - 0 run(s), 0 hit(s), 0 error(s), 0 left on base; Athletic Club KC 2 - Houston 1
BOTTOM OF THE 4TH
Houston 1837 BBC batting - Pitching for Athletic Club KC : RHP Billy Crawford
Batting: RHB Tracy Parker 0-0: Ball
1-0: Foul Ball, location: 2F
1-1: Foul Ball, location: 2F
1-2: Ball
2-2: Ground out 1-3 (Groundball, 23)
Batting: LHB Christian Blair 0-0: SINGLE (Groundball, 34S)
Batting: LHB Mark McClear 0-0: Called Strike
0-1: Ball
1-1: Ball
2-1: Ball
3-1: SINGLE (Line Drive, 78S)
Christian Blair to second
Batting: SHB Jason Alexander 0-0: SINGLE (Flyball, 89S)
Christian Blair to third
Mark McClear to second
Runner from 3rd tries for Home, SAFE, throw made home
Batting: LHB Brad Lawrence 0-0: Ball
1-0: Ball
2-0: Ball
3-0: Called Strike
3-1: Foul Ball, location: 2F
3-2: Foul Ball, location: 2F
3-2: Foul Ball, location: 2F
3-2: Foul Ball, location: 2F
3-2: Strikes out looking
Batting: RHB Kumanosuke Abe 0-0: Ball
1-0: Ball
2-0: Ball
3-0: Base on Balls
Mark McClear to third
Jason Alexander to second
Batting: LHB José Marín 0-0: Foul Ball, location: 2F
0-1: DOUBLE (Line Drive, 9LM)
Mark McClear scores
Jason Alexander scores
Kumanosuke Abe to third
Batting: RHB Bob Dickerson 0-0: SINGLE (Flyball, 9S)
Kumanosuke Abe scores
José Marín to third
Runner from 3rd tries for Home, SAFE, no throw or cutoff
Batting: LHB Alberto Torres 0-0: DOUBLE (Line Drive, 9LM)
Bob Dickerson to third
Runner from 3rd tries for Home, SAFE, no throw or cutoff
Pitching: RHP Jeff Krause
Batting: RHB Tracy Parker 0-0: Hit by Pitch
Batting: LHB Christian Blair 0-0: Ball
1-0: Ground out U3 (Groundball, 3)
Bottom of the 4th over - 6 run(s), 6 hit(s), 0 error(s), 2 left on base; Athletic Club KC 2 - Houston 7
TOP OF THE 5TH
Athletic Club KC batting - Pitching for Houston 1837 BBC : RHP Dave Goode
Pitching: RHP Marvin Martin
Batting: LHB Manuel Domínguez 0-0: Ball
1-0: Ball
2-0: Foul Ball, location: 2F
2-1: Swinging Strike
2-2: Foul Ball, location: 2F
2-2: Ball
3-2: Foul Ball, location: 2F
3-2: Ground out 6-3 (Groundball, 6)
Batting: LHB Bob Davis 0-0: Ball
1-0: Ball
2-0: Called Strike
2-1: Ball
3-1: Base on Balls
Batting: RHB Jason Dunn 0-0: Foul Ball, location: 2F
0-1: Called Strike
0-2: Ball
Wild Pitch!
Bob Davis to second
1-2: Ground out 5-3 (Groundball, 56)
Batting: LHB Rafael García 0-0: Swinging Strike
0-1: Called Strike
0-2: Foul Ball, location: 2F
0-2: Ball
1-2: Foul Ball, location: 2F
1-2: Strikes out swinging
Top of the 5th over - 0 run(s), 0 hit(s), 0 error(s), 1 left on base; Athletic Club KC 2 - Houston 7
BOTTOM OF THE 5TH
Houston 1837 BBC batting - Pitching for Athletic Club KC : RHP Jeff Krause
Batting: LHB Mark McClear 0-0: Called Strike
0-1: Ball
1-1: SINGLE (Line Drive, 8LS)
Batting: SHB Jason Alexander 0-0: Bunt missed!
0-1: Bunted foul
0-2: Ball
1-2: Foul Ball, location: 2F
1-2: Ball
2-2: Foul Ball, location: 2F
2-2: Ball
3-2: Base on Balls
Mark McClear to second
Pinch Hitting: LHB Jack Robbins 0-0: Ball
1-0: Foul Ball, location: 2F
1-1: Ball
2-1: Sac Bunt - play at third, runner safe!
Jason Alexander to second
Pinch Hitting: RHB Bob Sargent 0-0: Ball
1-0: Ball
2-0: Ball
3-0: Base on Balls
Mark McClear scores
Jason Alexander to third
Jack Robbins to second
Pinch Hitting: LHB Chris Rice 0-0: Ball
1-0: Ball
2-0: Foul Ball, location: 2F
2-1: Fly out, F8 (Flyball, 8RD)
Runner from 3rd tags up, SCORES, no throw
Jack Robbins to third
Pitching: RHP Joong-geun Kim
Pinch Hitting: LHB Mike Hanson 0-0: Ball
1-0: Called Strike
1-1: Ball
2-1: Foul Ball, location: 2F
2-2: Ball
3-2: Base on Balls
Bob Sargent to second
Batting: RHB Steve Hinkle 0-0: Called Strike
0-1: Ball
1-1: Fly out, F8 (Flyball, 8LXD)
Runner from 3rd tags up, SCORES, no throw
Bob Sargent to third
Pinch Hitting: LHB Eugene Lawrence 0-0: Ball
1-0: Called Strike
1-1: Fly out, F7 (Flyball, 78M)
Bottom of the 5th over - 3 run(s), 1 hit(s), 0 error(s), 2 left on base; Athletic Club KC 2 - Houston 10
TOP OF THE 6TH
Athletic Club KC batting - Pitching for Houston 1837 BBC : RHP Marvin Martin
Now at 2B: Jaime Cruz
Now at SS: Eugene Lawrence
Now in LF: Lawrence Franklin
Now in CF: Mike Hanson
Now in RF: Jack Robbins
Batting: SHB David Henderson 0-0: Ball
1-0: Fly out, F8 (Flyball, 8LD)
Batting: RHB John Downing 0-0: Swinging Strike
0-1: Foul Ball, location: 2F
0-2: Ball
1-2: Strikes out swinging
Batting: RHB Ed Hopkins 0-0: Ball
1-0: Fly out, F9 (Flyball, 89S)
Top of the 6th over - 0 run(s), 0 hit(s), 0 error(s), 0 left on base; Athletic Club KC 2 - Houston 10
BOTTOM OF THE 6TH
Houston 1837 BBC batting - Pitching for Athletic Club KC : RHP Joong-geun Kim
Pinch Hitting: RHB Oscar Lewis 0-0: Called Strike
0-1: Ball
1-1: Ground out 6-3 (Groundball, 6M)
Pinch Hitting: SHB Manuel González 0-0: Ball
1-0: Ball
2-0: Called Strike
2-1: DOUBLE (Line Drive, 89M)
Batting: SHB Jason Alexander 0-0: Ball
1-0: Ground out 4-3 (Groundball, 4)
Manuel González to third
Pitching: LHP Mark Tucker
Batting: LHB Jack Robbins 0-0: Called Strike
0-1: Foul Ball, location: 2F
0-2: Foul Ball, location: 2F
0-2: Ball
1-2: Strikes out swinging
Bottom of the 6th over - 0 run(s), 1 hit(s), 0 error(s), 1 left on base; Athletic Club KC 2 - Houston 10
TOP OF THE 7TH
Athletic Club KC batting - Pitching for Houston 1837 BBC : RHP Marvin Martin
Now at 2B: Oscar Lewis
Batting: RHB Rick Atkinson 0-0: Ball
Now at SS: Manuel González 1-0: Swinging Strike
1-1: Foul Ball, location: 2F
1-2: Ball
2-2: Foul Ball, location: 2F
2-2: Fly out, F8 (Flyball, 8LM)
Batting: SHB Pedro Vázquez 0-0: SINGLE (Groundball, 34)
Batting: LHB Manuel Domínguez 0-0: Ball
1-0: Ball
2-0: Ball
3-0: Called Strike
3-1: Base on Balls
Pedro Vázquez to second
Batting: LHB Bob Davis 0-0: Ball
1-0: Called Strike
1-1: Foul Ball, location: 2F
1-2: Ball
2-2: Fly out, F4 (Popup, 4D)
Batting: RHB Jason Dunn 0-0: Ball
Wild Pitch!
Pedro Vázquez to third
Manuel Domínguez to second
1-0: Fly out, F5 (Popup, 5SF)
Top of the 7th over - 0 run(s), 1 hit(s), 0 error(s), 2 left on base; Athletic Club KC 2 - Houston 10
BOTTOM OF THE 7TH
Houston 1837 BBC batting - Pitching for Athletic Club KC : LHP Mark Tucker
Batting: RHB Jaime Cruz 0-0: Swinging Strike
0-1: Ball
1-1: Ball
2-1: Called Strike
2-2: Ball
3-2: Strikes out looking
Batting: SHB Lawrence Franklin 0-0: Ball
1-0: Ball
2-0: Called Strike
2-1: Ball
3-1: Called Strike
3-2: Foul Ball, location: 2F
3-2: Ground out 5-3 (Groundball, 56)
Batting: LHB Mike Hanson 0-0: Called Strike
0-1: Foul Ball, location: 2F
0-2: Ball
1-2: Foul Ball, location: 2F
1-2: Foul Ball, location: 2F
1-2: Foul Ball, location: 2F
1-2: Foul Ball, location: 2F
1-2: Foul Ball, location: 2F
1-2: Foul Ball, location: 2F
1-2: Foul Ball, location: 2F
1-2: Ball
2-2: Foul Ball, location: 2F
2-2: Ball
3-2: SINGLE (Groundball, 34)
Pitching: RHP Ole Kos
Batting: RHB Steve Hinkle 0-0: Ball
1-0: Called Strike
1-1: Ball
2-1: Foul Ball, location: 2F
2-2: Foul Ball, location: 2F
2-2: Foul Ball, location: 2F
2-2: Hit by Pitch
Mike Hanson to second
Batting: LHB Eugene Lawrence 0-0: Ball
1-0: Fly out, F8 (Flyball, 78D)
Bottom of the 7th over - 0 run(s), 1 hit(s), 0 error(s), 2 left on base; Athletic Club KC 2 - Houston 10
TOP OF THE 8TH
Athletic Club KC batting - Pitching for Houston 1837 BBC : RHP Marvin Martin
Pinch Hitting: RHB Ramón Souza 0-0: Called Strike
0-1: Swinging Strike
0-2: Ball
1-2: Ball
2-2: Ground out 5-3 (Groundball, 5)
Pitching: RHP António Vega
Batting: SHB David Henderson 0-0: Called Strike
0-1: Ball
1-1: Fly out, F3 (Popup, 3SF)
Batting: RHB John Downing 0-0: Ground out 5-3 (Groundball, 56)
Top of the 8th over - 0 run(s), 0 hit(s), 0 error(s), 0 left on base; Athletic Club KC 2 - Houston 10
BOTTOM OF THE 8TH
Houston 1837 BBC batting - Pitching for Athletic Club KC : RHP Ole Kos
Now in RF: Ramón Souza
Batting: RHB Oscar Lewis 0-0: Foul Ball, location: 2F
0-1: Foul Ball, location: 2F
0-2: SINGLE (Groundball, 56)
Batting: SHB Manuel González 0-0: Ball
1-0: Bunted foul
1-1: Sac Bunt - play at first, batter OUT! 1-4
Oscar Lewis to second
Batting: SHB Jason Alexander 0-0: Foul Ball, location: 2F
0-1: Ball
1-1: Ball
2-1: Fly out, F9 (Line Drive, 9S)
Batting: LHB Jack Robbins 0-0: Called Strike
0-1: Ball
1-1: Ball
2-1: Called Strike
2-2: Foul Ball, location: 2F
2-2: Foul Ball, location: 2F
2-2: Foul Ball, location: 2F
2-2: Ball
3-2: Fly out, F3 (Line Drive, 3)
Bottom of the 8th over - 0 run(s), 1 hit(s), 0 error(s), 1 left on base; Athletic Club KC 2 - Houston 10
TOP OF THE 9TH
Athletic Club KC batting - Pitching for Houston 1837 BBC : RHP António Vega
Batting: RHB Ed Hopkins 0-0: SINGLE (Line Drive, 4D)
Pinch Hitting: RHB Jake Collins 0-0: Fly out, F4 (Popup, 4M)
Pinch Hitting: RHB Todd Blake 0-0: Ball
1-0: SINGLE (Groundball, 56D)
Ed Hopkins to second
Batting: LHB Manuel Domínguez 0-0: Called Strike
0-1: Ball
1-1: Ball
2-1: Ball
3-1: Foul Ball, location: 2F
3-2: Strikes out swinging
Pinch Hitting: RHB Jorge Trevino 0-0: Ball
1-0: Fly out, F8 (Flyball, 8LD)
Top of the 9th over - 0 run(s), 2 hit(s), 0 error(s), 2 left on base; Athletic Club KC 2 - Houston 10
This league is powered by Out of the Park Baseball, the baseball management simulation game for PC, Mac and Linux
Friday, July 8th, 2016 - OOTP Baseball 16.9 Build 39